[Event "ICC tourney 2248 (120 10)"]
[Site "Internet Chess Club"]
[Date "2020.12.29"]
[Round "8"]
[White "FL2009"]
[Black "Draconian"]
[Result "0-1"]
[ICCResult "White checkmated"]
[WhiteElo "1857"]
[BlackElo "1570"]
[Opening "Sicilian: Nimzovich-Rossolimo attack (without ...d6)"]
[ECO "B30"]
[NIC "SI.31"]
[Time "17:29:56"]
[PlyCount "72"]
[TimeControl "7200+10"]

1. e4 c5 2. Nf3 Nc6 3. Bb5 e5 4. Bxc6 dxc6 5. O-O Bd6 6. d3 Ne7 7. Nbd2 Ng6
8. Nc4 Bc7 9. Be3 Qe7 10. Kh1 O-O 11. c3 f5 12. exf5 Bxf5 13. Qe2 Bg4 14.
Ncd2 Nh4 15. Bg5 Qxg5 16. Nxg5 Bxe2 17. Rfe1 Rxf2 18. g3 Nf3 19. Ndxf3
Bxf3+ 20. Kg1 Rg2+ 21. Kh1 Bd5 22. c4 Rxg3+ 23. cxd5 Rxg5 24. Rac1 Bd6 25.
dxc6 bxc6 26. b4 cxb4 27. Rxc6 Rd8 28. Ra6 Bc5 29. Ra5 Bd4 30. Rb5 Rf8 31.
Rc1 Rf2 32. Rb7 h6 33. Rxb4 Rgg2 34. Rbc4 Rxh2+ 35. Kg1 Rfg2+ 36. Kf1 Rg1#
{ White checkmated } 0-1

[Event "ICC tourney 2248 (120 10)"]
[Site "Internet Chess Club"]
[Date "2020.12.29"]
[Round "8"]
[White "local0928"]
[Black "trucker"]
[Result "1-0"]
[ICCResult "Black resigns"]
[WhiteElo "1785"]
[BlackElo "1610"]
[Opening "Giuoco Pianissimo"]
[ECO "C50"]
[NIC "IG.02"]
[Time "17:29:44"]
[PlyCount "127"]
[TimeControl "7200+10"]

1. e4 e5 2. Nf3 Nc6 3. Bc4 Bc5 4. d3 d6 5. h3 a6 6. Nc3 h6 7. Nd5 Be6 8.
Be3 Bxe3 9. Nxe3 Bxc4 10. Nxc4 Nge7 11. O-O Ng6 12. Ne3 Nce7 13. Kh2 c6 14.
Re1 Qd7 15. c3 Nf4 16. Ng1 O-O-O 17. Nc4 Qc7 18. b4 h5 19. g3 Ne6 20. a4 h4
21. g4 d5 22. Nd2 Nf4 23. Qc2 dxe4 24. dxe4 Rd3 25. Re3 Rhd8 26. Rxd3 Rxd3
27. Nc4 f6 28. Qb3 Qd8 29. b5 a5 30. bxc6 Nxc6 31. Rb1 Qc7 32. Nb6+ Kb8 33.
Qg8+ Nd8 34. Nd5 Nxd5 35. exd5 Rxc3 36. Rd1 Rc2 37. Kg2 Ka7 38. Rf1 b6 39.
Nf3 Nb7 40. Nxh4 g5 41. Nf5 Rd2 42. Qe6 Qc4 43. Qxf6 Qxd5+ 44. Kg1 Rd1 45.
Ne3 Rxf1+ 46. Nxf1 e4 47. Qf5 Qb3 48. Qxe4 Qxh3 49. Ne3 Qh8 50. Kg2 Qf8 51.
Nd5 Qc5 52. Qe5 Nd6 53. Qg7+ Kb8 54. Qxg5 Qxf2+ 55. Kxf2 Ne4+ 56. Ke3 Nxg5
57. Nxb6 Kb7 58. Nc4 Ka6 59. Kf4 Ne6+ 60. Kf5 Nc5 61. Nb2 Kb6 62. g5 Nb3
63. g6 Nd4+ 64. Kf6 { Black resigns } 1-0

[Event "ICC tourney 2248 (120 10)"]
[Site "Internet Chess Club"]
[Date "2020.12.29"]
[Round "8"]
[White "wahoo"]
[Black "NL008"]
[Result "1-0"]
[ICCResult "Black resigns"]
[WhiteElo "1661"]
[BlackElo "1534"]
[Opening "Giuoco Piano"]
[ECO "C54"]
[NIC "IG.02"]
[Time "17:29:19"]
[PlyCount "127"]
[TimeControl "7200+10"]

1. e4 e5 2. Nf3 Nc6 3. Bc4 Bc5 4. c3 Nf6 5. d3 d6 6. h3 O-O 7. Bg5 h6 8.
Bh4 a6 9. O-O b5 10. Bb3 Bb7 11. d4 exd4 12. cxd4 Ba7 13. Bd5 g5 14. Bg3
Nxd5 15. exd5 Ne7 16. h4 Nxd5 17. hxg5 hxg5 18. Qd2 f6 19. Qd3 Qd7 20. Nc3
Nb4 21. Qg6+ Qg7 22. Qf5 Bxf3 23. Qxf3 Bxd4 24. a3 Bxc3 25. bxc3 Nc2 26.
Ra2 Qg6 27. Qd5+ Kh8 28. Qd2 Nxa3 29. Rxa3 Ra7 30. Qe3 Rfa8 31. Re1 Kg7 32.
Qe6 Qf7 33. Qe3 a5 34. f4 g4 35. f5 Qc4 36. Qe7+ Qf7 37. Qe4 Qh5 38. Qf4
Rg8 39. Re7+ Kf8 40. Re6 Kf7 41. Qd4 Qxf5 42. Rxf6+ Qxf6 43. Qxa7 Qe7 44.
Qf2+ Qf6 45. Qxf6+ Kxf6 46. Rxa5 Rb8 47. Ra7 b4 48. cxb4 Rxb4 49. Rxc7 d5
50. Rd7 d4 51. Kh2 Ke6 52. Rd6+ Kf5 53. Bf2 Ke4 54. Rxd4+ Rxd4 55. Bxd4
Kxd4 56. Kg3 Ke5 57. Kxg4 Kf6 58. Kh5 Kf5 59. g4+ Kf6 60. Kh6 Kf7 61. g5
Kg8 62. Kg6 Kh8 63. Kf7 Kh7 64. g6+ { Black resigns } 1-0

[Event "ICC tourney 2248 (120 10)"]
[Site "Internet Chess Club"]
[Date "2020.12.29"]
[Round "8"]
[White "Knightboy123"]
[Black "Minsco"]
[Result "1/2-1/2"]
[ICCResult "Game drawn by mutual agreement"]
[WhiteElo "1661"]
[BlackElo "1750"]
[Opening "Queen's pawn, Mason variation"]
[ECO "D00"]
[NIC "QP.08"]
[Time "17:29:29"]
[PlyCount "79"]
[TimeControl "7200+10"]

1. d4 d5 2. Bf4 Nf6 3. e3 e6 4. Nf3 c5 5. c3 Nc6 6. Bd3 Be7 7. Nbd2 b6 8.
Bb5 Bd7 9. Ba6 O-O 10. Bb7 cxd4 11. exd4 Nh5 12. Bxa8 Nxf4 13. Bxc6 Bxc6
14. O-O Bd6 15. g3 Ng6 16. Re1 Bb7 17. Ne5 Qg5 18. Ndf3 Qf5 19. Qd3 Qf6 20.
Nd7 Qd8 21. Nxf8 Nxf8 22. Ne5 f6 23. Nf3 Qc7 24. Rac1 e5 25. dxe5 fxe5 26.
Qf5 Nd7 27. Ng5 Nf6 28. Qe6+ Kf8 29. Qh3 Kg8 30. Qe6+ Kf8 31. Qxf6+ gxf6
32. Ne6+ Kf7 33. Nxc7 Bxc7 34. Rcd1 b5 35. b3 Bb6 36. c4 bxc4 37. bxc4 d4
38. Rb1 Ba6 39. Rbc1 Bc5 40. Kf1 { Game drawn by mutual agreement } 1/2-1/2

[Event "ICC tourney 2248 (120 10)"]
[Site "Internet Chess Club"]
[Date "2020.12.29"]
[Round "8"]
[White "BlueZillop"]
[Black "hello12"]
[Result "0-1"]
[ICCResult "White checkmated"]
[WhiteElo "1363"]
[BlackElo "1475"]
[Opening "King's Indian: 3.g3"]
[ECO "D74"]
[NIC "KI.80"]
[Time "17:29:20"]
[PlyCount "82"]
[TimeControl "7200+10"]

1. c4 Nf6 2. d4 g6 3. g3 Bg7 4. Bg2 O-O 5. Nf3 d5 6. cxd5 Nxd5 7. e4 Nf6 8.
Nc3 Bg4 9. O-O Nc6 10. Be3 Bd7 11. Re1 Ng4 12. d5 Nxe3 13. Rxe3 Ne5 14.
Nxe5 Bxe5 15. Rb1 e6 16. f4 Bg7 17. e5 exd5 18. Bxd5 c6 19. Bf3 Qb6 20. Qe2
Bf5 21. Be4 Bxe4 22. Nxe4 Rad8 23. Kg2 Qd4 24. Nd6 Qd5+ 25. Kf2 Qxa2 26.
Rd1 Qa4 27. Ra3 Qb4 28. Rxa7 Qb6+ 29. Qe3 Qxb2+ 30. Rd2 Qc1 31. Rxb7 Ra8
32. Re2 Qh1 33. h4 Ra1 34. Re1 Ra2+ 35. Re2 Ra1 36. Re1 Qh2+ 37. Kf3 Rfa8
38. Rxa1 Rxa1 39. Rxf7 h5 40. f5 Qh1+ 41. Kf4 Bh6# { White checkmated } 0-1

[Event "ICC tourney 2248 (120 10)"]
[Site "Internet Chess Club"]
[Date "2020.12.29"]
[Round "8"]
[White "rohu333"]
[Black "abelMZ084"]
[Result "0-1"]
[ICCResult "White resigns"]
[WhiteElo "1766"]
[BlackElo "1667"]
[Opening "Konstantinopolsky opening"]
[ECO "C44"]
[NIC "KP.10"]
[Time "17:29:23"]
[PlyCount "55"]
[TimeControl "7200+10"]

1. e4 e5 2. Nf3 Nc6 3. g3 Bc5 4. Bg2 d6 5. O-O Bg4 6. h3 Bh5 7. d3 Qd7 8.
a3 Nge7 9. Nbd2 h6 10. Nb3 Bb6 11. Qe1 g5 12. Nh2 O-O-O 13. Be3 Rdg8 14.
Nd2 g4 15. h4 f5 16. Bxb6 axb6 17. exf5 Nxf5 18. c3 Rh7 19. b4 Rhg7 20. Kh1
Bf7 21. a4 Nfe7 22. a5 Nd5 23. Ne4 Qf5 24. a6 bxa6 25. Rxa6 Kd7 26. Nxg4
Qxg4 27. c4 Ncxb4 28. Nf6+ { White resigns } 0-1

[Event "ICC tourney 2248 (120 10)"]
[Site "Internet Chess Club"]
[Date "2020.12.29"]
[Round "8"]
[White "kwen2008"]
[Black "iamvoltu"]
[Result "0-1"]
[ICCResult "White resigns"]
[WhiteElo "1745"]
[BlackElo "1600"]
[Opening "Caro-Kann: exchange variation"]
[ECO "B13"]
[NIC "CK.02"]
[Time "17:30:02"]
[PlyCount "90"]
[TimeControl "7200+10"]

1. d4 c6 2. e4 d5 3. exd5 cxd5 4. Nf3 Bf5 5. Be2 e6 6. O-O Nc6 7. c3 Bd6 8.
Nbd2 Nf6 9. Re1 h6 10. Bb5 O-O 11. Ne5 Qc7 12. Ndf3 Ne4 13. Bf4 f6 14. Nxc6
Bxf4 15. Nb4 Bg4 16. h3 Bh2+ 17. Kf1 Bh5 18. Be2 a5 19. Nd3 Bf7 20. Nc5 b6
21. Nxe4 dxe4 22. Ng1 e3 23. fxe3 Bg3 24. Bf3 Rad8 25. Re2 e5 26. Rc2 f5
27. b3 e4 28. Be2 f4 29. exf4 Qxf4+ 30. Bf3 exf3 31. Nxf3 Bh5 32. Qc1 Qf5
33. Qd1 Bxf3 34. gxf3 Qxh3+ 35. Kg1 Bf4 36. Qd3 Rde8 37. Re2 Qg3+ 38. Kh1
Rxe2 39. Qxe2 Qh3+ 40. Kg1 Rf6 41. Qe8+ Kh7 42. Qe4+ Rg6+ 43. Kf2 Bg3+ 44.
Ke2 Qg2+ 45. Kd3 h5 { White resigns } 0-1

[Event "ICC tourney 2248 (120 10)"]
[Site "Internet Chess Club"]
[Date "2020.12.29"]
[Round "8"]
[White "cdj12417489"]
[Black "AngelaIL203"]
[Result "1-0"]
[ICCResult "Black resigns"]
[WhiteElo "1268"]
[BlackElo "1193"]
[Opening "Giuoco Piano"]
[ECO "C54"]
[NIC "IG.02"]
[Time "17:29:17"]
[PlyCount "95"]
[TimeControl "7200+10"]

1. e4 e5 2. Nf3 Nc6 3. Bc4 Bc5 4. c3 Nf6 5. d3 O-O 6. O-O h6 7. Qe2 d6 8.
h3 Be6 9. Bxe6 fxe6 10. Be3 Bxe3 11. Qxe3 Qe7 12. d4 exd4 13. cxd4 e5 14.
dxe5 Nxe5 15. Nxe5 Qxe5 16. Nc3 Rfe8 17. Rfe1 a6 18. a4 Rad8 19. Rad1 c6
20. Qf3 Re6 21. Qe2 Rde8 22. f3 d5 23. Qd3 dxe4 24. fxe4 Qf4 25. Qf3 Qxf3
26. gxf3 Nd5 27. Nxd5 cxd5 28. Rxd5 Rb6 29. Re2 Rb3 30. Kf2 Rf8 31. Rf5
Rxf5 32. exf5 Rb4 33. a5 Rb5 34. b4 Rxb4 35. Ra2 Rb5 36. Ke3 Rxf5 37. Rb2
Rb5 38. Rxb5 axb5 39. Kd4 Kf7 40. Kc5 b4 41. Kxb4 g5 42. Kb5 h5 43. Kb6 Kf6
44. Kxb7 Kf5 45. a6 Kf4 46. a7 Kxf3 47. a8=Q Kg3 48. Kb6 { Black resigns }
1-0

[Event "ICC tourney 2248 (120 10)"]
[Site "Internet Chess Club"]
[Date "2020.12.29"]
[Round "8"]
[White "Ryan123455"]
[Black "rokrchess"]
[Result "1-0"]
[ICCResult "Black resigns"]
[WhiteElo "1646"]
[BlackElo "1619"]
[Opening "Sicilian: dragon, Yugoslav attack, Rauser variation"]
[ECO "B76"]
[NIC "SI.17"]
[Time "17:29:35"]
[PlyCount "49"]
[TimeControl "7200+10"]

1. e4 c5 2. Nf3 d6 3. d4 cxd4 4. Nxd4 Nf6 5. Nc3 g6 6. Be3 Bg7 7. f3 O-O 8.
Qd2 Nc6 9. O-O-O d5 10. Qe1 Nxd4 11. Bxd4 Be6 12. exd5 Nxd5 13. Bxg7 Kxg7
14. Nxd5 Rc8 15. Qe5+ Kg8 16. h4 Bf5 17. Bd3 Bxd3 18. Rxd3 Re8 19. h5 Qd7
20. hxg6 fxg6 21. Rxh7 Rxc2+ 22. Kd1 Rc1+ 23. Kxc1 Rc8+ 24. Kd2 Rc2+ 25.
Kd1 { Black resigns } 1-0

[Event "ICC tourney 2248 (120 10)"]
[Site "Internet Chess Club"]
[Date "2020.12.29"]
[Round "8"]
[White "evg1234567"]
[Black "Niteshc"]
[Result "0-1"]
[ICCResult "White resigns"]
[WhiteElo "1716"]
[BlackElo "1644"]
[Opening "King's Indian: 4.e4"]
[ECO "E90"]
[NIC "KI.21"]
[Time "17:29:21"]
[PlyCount "104"]
[TimeControl "7200+10"]

1. d4 Nf6 2. c4 g6 3. Nc3 Bg7 4. e4 O-O 5. Nf3 d6 6. Bd3 Nbd7 7. O-O e5 8.
d5 Ne8 9. Qc2 a5 10. Be3 Nc5 11. Bxc5 dxc5 12. Rad1 f5 13. h3 f4 14. Nb5 g5
15. Be2 h5 16. Nh2 g4 17. hxg4 hxg4 18. Bxg4 Bxg4 19. Nxg4 f3 20. gxf3 Rxf3
21. Kg2 Rf4 22. f3 Qg5 23. Qe2 Nf6 24. Kg3 Rf8 25. Nxc7 Nh5+ 26. Kh3 Rxg4
27. fxg4 Nf4+ 28. Rxf4 exf4 29. Qf3 Rf6 30. Kg2 Qe5 31. Ne6 Qxb2+ 32. Qf2
f3+ 33. Kf1 Qc3 34. Nxc5 Rh6 35. Kg1 Bd4 36. Qxd4 f2+ 37. Qxf2 Qh3 38. Qg2
Qe3+ 39. Qf2 Rh1+ 40. Kxh1 Qxf2 41. Rd3 Qxc5 42. Kg2 Qxc4 43. Re3 Qxa2+ 44.
Kf3 Qc4 45. d6 Qf1+ 46. Kg3 Qg1+ 47. Kf3 Qd1+ 48. Kf4 Qxd6+ 49. e5 Qe6 50.
Ra3 Qc4+ 51. Kf5 Qc5 52. Rd3 Qc2 { White resigns } 0-1

[Event "ICC tourney 2248 (120 10)"]
[Site "Internet Chess Club"]
[Date "2020.12.29"]
[Round "8"]
[White "Eagle2020"]
[Black "charismaticl33"]
[Result "0-1"]
[ICCResult "White checkmated"]
[WhiteElo "1505"]
[BlackElo "1603"]
[Opening "Sicilian: Alapin's variation (2.c3)"]
[ECO "B22"]
[NIC "SI.46"]
[Time "17:30:02"]
[PlyCount "202"]
[TimeControl "7200+10"]

1. e4 c5 2. c3 e6 3. d4 cxd4 4. cxd4 Nf6 5. e5 Nd5 6. a3 Nc6 7. Nf3 Qa5+ 8.
Bd2 Bb4 9. Bxb4 Ncxb4 10. Nbd2 Nc6 11. Be2 Qb6 12. Nc4 Qc7 13. Nd6+ Ke7 14.
O-O f6 15. Nb5 Qb6 16. exf6+ gxf6 17. Nc3 Nxc3 18. bxc3 d5 19. Re1 Bd7 20.
c4 Qa5 21. Rb1 b6 22. Rb5 Qxa3 23. cxd5 Nb4 24. d6+ Kxd6 25. Rh5 Kc7 26.
Qd2 Nd5 27. Rc1+ Kb7 28. Rh3 Rac8 29. Rd1 Qd6 30. Ra1 Rcg8 31. Nh4 Bc6 32.
Rha3 a5 33. Rb3 Nb4 34. Bf1 Rg4 35. Nf3 Bd5 36. Rc3 Rc8 37. Rac1 Rxc3 38.
Qxc3 Bc6 39. Bb5 Qd5 40. Bxc6+ Nxc6 41. Qd3 Nxd4 42. Qxh7+ Ka6 43. Qd3+ b5
44. Kf1 Nxf3 45. Qxd5 Nxh2+ 46. Kg1 exd5 47. Kxh2 Rc4 48. Re1 a4 49. Re6+
Ka5 50. Rxf6 a3 51. Rf3 b4 52. Rf5 Rd4 53. Re5 a2 54. Re1 Ka4 55. f3 b3 56.
g4 b2 57. g5 b1=Q 58. Rg1 a1=Q 59. Rxb1 Qxb1 60. f4 Qf5 61. g6 Rc4 62. g7
Rc8 63. Kg3 Rg8 64. Kf3 Qe4+ 65. Kg4 Rxg7+ 66. Kh5 Rg1 67. Kh6 d4 68. Kh5
d3 69. Kh4 d2 70. Kh3 d1=Q 71. f5 Qxf5+ 72. Kh2 Qdh5+ 73. Kxg1 Qfg6+ 74.
Kf2 Kb4 75. Ke3 Kc4 76. Kf4 Kd5 77. Ke3 Ke5 78. Kf2 Kf5 79. Ke3 Kg5 80. Kd4
Kh6 81. Kc4 Qgg4+ 82. Kd3 Qhh3+ 83. Kd2 Qgg2+ 84. Ke1 Qhh2 85. Kd1 Qf2 86.
Kc1 Qe2 87. Kb1 Qd2 88. Ka1 Kg7 89. Kb1 Kf8 90. Ka1 Ke7 91. Kb1 Kd6 92. Ka1
Kc5 93. Kb1 Kb4 94. Ka1 Qg5 95. Kb1 Kb3 96. Ka1 Qb8 97. Kb1 Ka3+ 98. Kc2
Qd5 99. Kc3 Qb4+ 100. Kc2 Qbb5 101. Kc3 Qb2# { White checkmated } 0-1

[Event "ICC tourney 2248 (120 10)"]
[Site "Internet Chess Club"]
[Date "2020.12.29"]
[Round "8"]
[White "mnm1"]
[Black "welmo"]
[Result "1/2-1/2"]
[ICCResult "Game drawn by mutual agreement"]
[WhiteElo "1460"]
[BlackElo "1604"]
[Opening "Scotch game"]
[ECO "C45"]
[NIC "SO.05"]
[Time "17:29:10"]
[PlyCount "86"]
[TimeControl "7200+10"]

1. e4 e5 2. Nf3 Nc6 3. d4 exd4 4. Nxd4 Bc5 5. Be3 Bb6 6. Nc3 Nge7 7. Bc4
Nxd4 8. Bxd4 Bxd4 9. Qxd4 O-O 10. O-O d6 11. f3 a6 12. a4 Nc6 13. Qd2 Be6
14. Nd5 Ne7 15. Rad1 Nxd5 16. Bxd5 Bxd5 17. Qxd5 Rb8 18. c4 Qe7 19. Rfe1
Qe5 20. Qxe5 dxe5 21. Rd7 Rbc8 22. Red1 Rfe8 23. b4 Kf8 24. Kf2 f6 25. Kg3
Re7 26. Kg4 Ke8 27. Rxe7+ Kxe7 28. g3 c6 29. c5 g6 30. f4 exf4 31. gxf4 Rc7
32. h4 h5+ 33. Kf3 Rd7 34. Rxd7+ Kxd7 35. e5 Ke6 36. Ke4 Ke7 37. f5 g5 38.
hxg5 fxg5 39. f6+ Ke6 40. Kf3 g4+ 41. Kf4 Kf7 42. a5 Ke6 43. Kg3 Kf7 { Game
drawn by mutual agreement } 1/2-1/2

[Event "ICC tourney 2248 (120 10)"]
[Site "Internet Chess Club"]
[Date "2020.12.29"]
[Round "8"]
[White "che8642"]
[Black "mdbgaccp"]
[Result "0-1"]
[ICCResult "White checkmated"]
[WhiteElo "1532"]
[BlackElo "1804"]
[Opening "Queen's pawn: Chigorin variation"]
[ECO "D00"]
[NIC "QP.08"]
[Time "17:29:39"]
[PlyCount "90"]
[TimeControl "7200+10"]

1. d4 d5 2. Nc3 Nf6 3. Bf4 c6 4. e3 g6 5. h4 Bf5 6. f3 h5 7. Qd2 Nbd7 8.
Be2 Bg7 9. Nh3 Bxh3 10. Rxh3 Qa5 11. O-O-O b5 12. Rg1 Qb6 13. g4 a5 14.
gxh5 Nxh5 15. Bh2 a4 16. f4 b4 17. Nd1 Ndf6 18. Nf2 b3 19. a3 c5 20. c3
cxd4 21. exd4 e6 22. Qd1 Ne4 23. Nxe4 dxe4 24. Bxh5 Rxh5 25. Re1 f5 26. Bg1
Qd6 27. Be3 Bf6 28. Rg1 Kf7 29. Qe1 Rg8 30. Qf2 Qe7 31. Rgh1 Rgh8 32. Kd2
Bxh4 33. Qe2 Be1+ 34. Qxe1 Rxh3 35. Rxh3 Rxh3 36. Ke2 Rh2+ 37. Kf1 Rxb2 38.
Bc1 Rb1 39. Ke2 b2 40. Kd2 Qxa3 41. Ke2 bxc1=Q 42. Qxc1 Qxc1 43. Kf2 Qf1+
44. Kg3 Qf3+ 45. Kh2 Rh1# { White checkmated } 0-1

[Event "ICC tourney 2248 (120 10)"]
[Site "Internet Chess Club"]
[Date "2020.12.29"]
[Round "8"]
[White "StevChess01"]
[Black "AlanZ"]
[Result "1-0"]
[ICCResult "Black resigns"]
[WhiteElo "1684"]
[BlackElo "1744"]
[Opening "QGD: exchange, positional line"]
[ECO "D35"]
[NIC "QO.16"]
[Time "17:29:21"]
[PlyCount "69"]
[TimeControl "7200+10"]

1. d4 Nf6 2. c4 e6 3. Nc3 d5 4. cxd5 exd5 5. Bg5 Bf5 6. Qb3 Nc6 7. e3 Bb4
8. Bb5 Bxc3+ 9. bxc3 a6 10. Be2 Na5 11. Qa4+ Nc6 12. Nf3 Qd6 13. Bf4 Qd7
14. Bb5 Ne4 15. Rc1 f6 16. Be2 O-O 17. c4 Be6 18. cxd5 Bxd5 19. Bc4 Rac8
20. O-O Rfd8 21. Bxd5+ Qxd5 22. Qc4 Qxc4 23. Rxc4 Rd5 24. Rb1 g5 25. Rxb7
Na5 26. Rcxc7 Rdd8 27. Rg7+ Kf8 28. Rbf7+ Ke8 29. Re7+ Kf8 30. Rgf7+ Kg8
31. Rg7+ Kf8 32. Bc7 Rd5 33. h3 Nc3 34. Rgf7+ Kg8 35. Rxf6 { Black resigns
} 1-0

[Event "ICC tourney 2248 (120 10)"]
[Site "Internet Chess Club"]
[Date "2020.12.29"]
[Round "8"]
[White "messyblaster"]
[Black "ZAPPAWITS"]
[Result "0-1"]
[ICCResult "White resigns"]
[WhiteElo "1563"]
[BlackElo "1713"]
[Opening "QGD Slav defense"]
[ECO "D10"]
[NIC "SL.01"]
[Time "17:29:10"]
[PlyCount "154"]
[TimeControl "7200+10"]

1. d4 d5 2. c4 c6 3. Nc3 Nf6 4. cxd5 Nxd5 5. e4 Nf6 6. Nf3 e6 7. Bd3 Bb4 8.
Bg5 h6 9. Bh4 g5 10. Bg3 Qa5 11. Qb3 Nbd7 12. Ne5 Nh5 13. Nxd7 Bxd7 14. a3
Bxc3+ 15. Qxc3 Qxc3+ 16. bxc3 Nf4 17. Bxf4 gxf4 18. g3 fxg3 19. hxg3 O-O-O
20. Rh4 f6 21. Ke2 e5 22. Ke3 Rdg8 23. Rah1 Rg6 24. dxe5 fxe5 25. Rh5 Re6
26. Bc4 Rf6 27. Rxe5 Bg4 28. Be2 Bxe2 29. Kxe2 Rhf8 30. f4 Rg8 31. Rh3 Rfg6
32. Kf3 Rd8 33. Rc5 Rd3+ 34. Kf2 Rd2+ 35. Ke3 Rgd6 36. f5 b6 37. Rc4 R6d3+
38. Kf4 Rf2+ 39. Kg4 c5 40. Rxh6 Rff3 41. Rh3 Kc7 42. Rh7+ Kc6 43. Ra4
Rxg3+ 44. Kf4 a5 45. c4 Rgf3+ 46. Ke5 Rd6 47. Re7 Rf2 48. Re6 Rxe6+ 49.
fxe6 Kc7 50. Kd5 Rd2+ 51. Ke5 Kd8 52. Kf6 Rf2+ 53. Ke5 Ke7 54. Kd5 Rf6 55.
Kc6 Rxe6+ 56. Kb7 Kf6 57. Ka6 Ke5 58. Ka7 Kxe4 59. Ka6 Kd3 60. Ka7 Kc3 61.
Ka6 Kb3 62. Kb5 Rd6 63. Rxa5 bxa5 64. Kxa5 Kxc4 65. a4 Rd8 66. Kb6 Kb4 67.
a5 c4 68. a6 Ra8 69. Kb7 Rxa6 70. Kxa6 c3 71. Ka7 c2 72. Ka6 c1=Q 73. Ka7
Qc7+ 74. Ka6 Qc6+ 75. Ka7 Qb5 76. Ka8 Qd7 77. Kb8 Kb5 { White resigns } 0-1

[Event "ICC tourney 2248 (120 10)"]
[Site "Internet Chess Club"]
[Date "2020.12.29"]
[Round "8"]
[White "Supersamraat"]
[Black "orwind"]
[Result "1-0"]
[ICCResult "Black checkmated"]
[WhiteElo "1539"]
[BlackElo "1620"]
[Opening "Queen's pawn: London system"]
[ECO "A45"]
[NIC "QP.07"]
[Time "17:29:13"]
[PlyCount "67"]
[TimeControl "7200+10"]

1. d4 Nf6 2. Bf4 d5 3. e3 Bf5 4. c4 e6 5. Nc3 c6 6. Qb3 Qd7 7. c5 Be7 8. h3
O-O 9. Nf3 h6 10. Ne5 Qc8 11. g4 Bh7 12. h4 Nfd7 13. g5 Nxe5 14. dxe5 hxg5
15. hxg5 Nd7 16. Qd1 g6 17. Qg4 Re8 18. Bd3 Kg7 19. Rxh7+ Kxh7 20. Qh4+ Kg7
21. Qh6+ Kg8 22. Bxg6 fxg6 23. Qxg6+ Kf8 24. Qh7 Nxe5 25. Bxe5 Rd8 26. Qh8+
Kf7 27. g6+ Kxg6 28. Qg7+ Kf5 29. Qf7+ Kg4 30. f3+ Kh4 31. Qxe7+ Kh5 32.
Kf2 Rg8 33. Qh7+ Kg5 34. Rg1# { Black checkmated } 1-0

[Event "ICC tourney 2248 (120 10)"]
[Site "Internet Chess Club"]
[Date "2020.12.29"]
[Round "8"]
[White "TheChessShark"]
[Black "Yamato1945"]
[Result "1/2-1/2"]
[ICCResult "Game drawn by mutual agreement"]
[WhiteElo "1888"]
[BlackElo "1452"]
[Opening "Queen's pawn game"]
[ECO "D00"]
[NIC "QP.08"]
[Time "17:29:59"]
[PlyCount "113"]
[TimeControl "7200+10"]

1. d4 d5 2. e3 c5 3. c3 Nc6 4. f4 Bf5 5. Nf3 Nf6 6. Nbd2 e6 7. Bb5 Be7 8.
Ne5 Rc8 9. O-O O-O 10. Bxc6 bxc6 11. g4 Bg6 12. h4 h6 13. g5 Bh5 14. Qe1
Ne4 15. Nxe4 dxe4 16. Qg3 hxg5 17. hxg5 g6 18. Rf2 Kg7 19. Rh2 cxd4 20.
exd4 c5 21. Be3 cxd4 22. Bxd4 Bc5 23. Nc6+ Bxd4+ 24. Nxd4 Rc5 25. Rf1 Qe7
26. Qe3 f6 27. Qxe4 e5 28. gxf6+ Qxf6 29. Rg2 exd4 30. cxd4 Rf5 31. Rc2
Rxf4 32. Rc7+ Kh6 33. Qxf4+ Qxf4 34. Rxf4 Rxf4 35. Rxa7 Rxd4 36. a4 Rb4 37.
a5 Rxb2 38. a6 Ra2 39. Kf1 Be2+ 40. Ke1 Rxa6 41. Re7 Bd3 42. Kf2 g5 43. Kg3
Rg6 44. Re8 g4 45. Rh8+ Kg7 46. Rh4 Be2 47. Rh2 Bf3 48. Rb2 Rh6 49. Rb3
Rh3+ 50. Kf4 Bh1 51. Rb5 Bf3 52. Rc5 Kf6 53. Rf5+ Kg6 54. Rg5+ Kh6 55. Re5
Bd1 56. Rd5 Rh5 57. Rxd1 { Game drawn by mutual agreement } 1/2-1/2

[Event "ICC tourney 2248 (120 10)"]
[Site "Internet Chess Club"]
[Date "2020.12.29"]
[Round "8"]
[White "aditya7708"]
[Black "cruiseship"]
[Result "1-0"]
[ICCResult "Black checkmated"]
[WhiteElo "1524"]
[BlackElo "1716"]
[Opening "King's Indian: London system"]
[ECO "A48"]
[NIC "QP.06"]
[Time "17:30:02"]
[PlyCount "59"]
[TimeControl "7200+10"]

1. Nf3 Nf6 2. d4 g6 3. Bf4 d6 4. e3 Bg7 5. c4 O-O 6. Nc3 c5 7. Be2 Na6 8.
Rg1 Qa5 9. Nd2 cxd4 10. Nb3 Qb6 11. exd4 Re8 12. Be3 Bd7 13. d5 Qc7 14. Rc1
b6 15. g4 Kh8 16. h4 e6 17. Qd2 Nc5 18. Nxc5 bxc5 19. h5 exd5 20. cxd5 g5
21. Bxg5 Nxg4 22. f3 Ne5 23. Kd1 Rg8 24. h6 Bxh6 25. Bf6+ Bg7 26. Qh6 Ng6
27. Rh1 Nf8 28. Bd3 Bxf6 29. Qxh7+ Nxh7 30. Rxh7# { Black checkmated } 1-0

[Event "ICC tourney 2248 (120 10)"]
[Site "Internet Chess Club"]
[Date "2020.12.29"]
[Round "8"]
[White "UltimateDL"]
[Black "gmcarebear999"]
[Result "0-1"]
[ICCResult "White checkmated"]
[WhiteElo "1480"]
[BlackElo "1752"]
[Opening "Sicilian: dragon, Yugoslav attack, 9.Bc4"]
[ECO "B77"]
[NIC "SI.18"]
[Time "17:29:34"]
[PlyCount "152"]
[TimeControl "7200+10"]

1. e4 c5 2. Nf3 d6 3. d4 cxd4 4. Nxd4 Nf6 5. Nc3 g6 6. Be3 Bg7 7. f3 O-O 8.
Qd2 Nc6 9. Bc4 Ne5 10. Bb3 Bd7 11. Bh6 Rc8 12. Bxg7 Kxg7 13. O-O-O Nc4 14.
Bxc4 Rxc4 15. g4 h5 16. gxh5 Nxh5 17. Rhg1 e5 18. Ndb5 Bxb5 19. Nxb5 d5 20.
Qxd5 Qxd5 21. Rxd5 Nf4 22. Rd2 a6 23. Nc3 Rh8 24. Nd1 Rd4 25. Rxd4 Ne2+ 26.
Kb1 Nxd4 27. Rf1 Rh3 28. f4 Nf3 29. Kc1 exf4 30. Nf2 Rxh2 31. Nd3 Nd4 32.
Nxf4 Rxc2+ 33. Kb1 Rh2 34. Nd3 Rh5 35. Kc1 Ne6 36. Kd2 Nc5 37. Nxc5 Rxc5
38. Kd3 g5 39. Rh1 f6 40. a4 Rc8 41. b4 b5 42. axb5 axb5 43. Rf1 Rc4 44.
Rf5 Rxb4 45. e5 fxe5 46. Rxg5+ Kf6 47. Rg8 Rd4+ 48. Ke2 Ke6 49. Rb8 b4 50.
Rb5 Kd6 51. Ke3 Rh4 52. Kd3 Rf4 53. Ke3 Rd4 54. Kf3 Kc6 55. Rxe5 b3 56. Re1
b2 57. Rb1 Rb4 58. Ke3 Kb5 59. Kd3 Ka4 60. Kc2 Ka3 61. Rh1 Ka2 62. Rb1 Rc4+
63. Kd2 Kxb1 64. Kd1 Ka2 65. Ke2 b1=Q 66. Kd2 Qc1+ 67. Ke2 Rc2+ 68. Kf3
Qf1+ 69. Ke3 Qh3+ 70. Kd4 Qc3+ 71. Ke4 Rb2 72. Kd5 Rb4 73. Ke6 Qc5 74. Kd7
Rb6 75. Kd8 Rb7 76. Ke8 Qe7# { White checkmated } 0-1

[Event "ICC tourney 2248 (120 10)"]
[Site "Internet Chess Club"]
[Date "2020.12.29"]
[Round "8"]
[White "Pugnacious"]
[Black "vedantpmargale"]
[Result "1/2-1/2"]
[ICCResult "Game drawn by mutual agreement"]
[WhiteElo "1760"]
[BlackElo "1493"]
[Opening "Trompowsky attack (Ruth, Opocenský opening)"]
[ECO "A45"]
[NIC "QP.07"]
[Time "17:37:56"]
[PlyCount "52"]
[TimeControl "7200+10"]

1. d4 Nf6 2. Bg5 Ne4 3. Bf4 d5 4. f3 Nf6 5. Nd2 Bf5 6. e3 e6 7. Bd3 Bxd3 8.
cxd3 Nc6 9. Ne2 Be7 10. O-O O-O 11. Qe1 Nb4 12. Nc1 Nc2 13. Qd1 Nxa1 14.
Ne2 h6 15. Qxa1 c6 16. Qe1 Kh7 17. e4 Ng8 18. Qg3 Bg5 19. Be5 Bf6 20. Bxf6
Nxf6 21. e5 Ng8 22. Nf4 Ne7 23. Qf2 Rc8 24. g4 Ng6 25. Nh5 Qg5 26. h3 Nf4 {
Game drawn by mutual agreement } 1/2-1/2